 Dungeon Crawl Stone Soup version 0.24-a0-358-g53aee78b01 (webtiles) character file.

Game seed: 12664106795318965661

379775 HAL9000 the Unseen (level 22, -9/118 HPs)
             Began as a Vine Stalker Assassin on May 23, 2019.
             Was the Champion of Dithmenos.
             Hit by a large rock thrown by a stone giant (13 damage)
             ... on level 2 of the Depths on May 25, 2019.
             The game lasted 04:19:15 (53875 turns).

HAL9000 the Unseen (Vine Stalker Assassin)         Turns: 53875, Time: 04:19:15

Health: -9/118     AC: 22    Str: 31    XL:     22   Next: 86%
Magic:  0/37       EV: 18    Int: 14    God:    Dithmenos [******]
Gold:   1737       SH: 18    Dex: 28    Spells: 3/41 levels left

rFire    + + .     SeeInvis .   e - +7 captain's cutlass {speed, disarm}
rCold    . . .     Gourm    .   G - +2 shield of Amorality {*Contam rPois Str+5 Dex+4}
rNeg     + . .     Faith    .   E - +1 fire dragon scales of Bitterness {rF++ rC- MR++ Dex+4}
rPois    +         Spirit   +   p - +2 hat of the Bear Spirit {Spirit, +Rage rN+ MR++}
rElec    +         Reflect  .   w - +1 cloak {MR+}
rCorr    .         Harm     .   h - +2 pair of gloves
MR       +++++                  r - +0 pair of boots of Impatience {+Blink rElec Str+10 Int-4}
Stlth    ++++++++++             s - amulet of the acrobat
HPRegen  2.09/turn              c - +3 ring of evasion
MPRegen  0.25/turn              U - ring of Attitude {rElec rC+ Int+3 Stlth+}

@: about to teleport, regenerating, wreathed by umbra, studying Fighting
A: fangs 3, regeneration 2, magic shield, antimagic bite, no potion heal 3, rot
immunity, subdued magic 1
}: 2/15 runes: serpentine, barnacled
a: Shadow Step, Shadow Form, Renounce Religion, Evoke Blink, Evoke Berserk Rage


You were on level 2 of the Depths.
You worshipped Dithmenos.
Dithmenos was exalted by your worship.
You were not hungry.

You visited 9 branches of the dungeon, and saw 41 of its levels.
You visited the Abyss 2 times.

You collected 4750 gold pieces.
You spent 3013 gold pieces at shops.

Inventory:

Hand Weapons
 e - the +7 captain's cutlass (weapon) {speed, disarm}
   (You acquired it on level 3 of the Lair of Beasts)

   Attacks with this weapon are significantly faster.
 q - the +10 short sword of Focus {pierce, +Blink rN++}
   (You found it on level 10 of the Dungeon)

   It inflicts extra damage upon your enemies.
   It greatly protects you from negative energy.
   It lets you blink.
 Z - the +8 longbow "Zephyr" {speed, Dex+3 SInv}
   (You found it on level 3 of the Elven Halls)

   Attacks with this weapon are significantly faster.
   It affects your dexterity (+3).
   It lets you see invisible.
Missiles
 a - 28 silver javelins
 i - 632 arrows
 n - 11 throwing nets
 x - 136 boomerangs (quivered)
 I - 21 atropa-tipped darts
 V - 56 javelins
 Y - 3 curare-tipped darts
Armour
 h - a +2 pair of gloves (worn)
 p - the +2 hat of the Bear Spirit (worn) {Spirit, +Rage rN+ MR++}
   (You found it on level 1 of the Snake Pit)

   It protects you from negative energy.
   It affects your resistance to hostile enchantments.
   It lets you go berserk.
 r - the +0 pair of boots of Impatience (worn) {+Blink rElec Str+10 Int-4}
   (You found it on level 4 of the Shoals)

   It affects your strength (+10).
   It affects your intelligence (-4).
   It insulates you from electricity.
   It lets you blink.
 w - a +1 cloak of magic resistance (worn)
 E - the +1 fire dragon scales of Bitterness (worn) {rF++ rC- MR++ Dex+4}
   (You bought it in a shop on level 2 of the Orcish Mines)

   It affects your dexterity (+4).
   It greatly protects you from fire.
   It makes you vulnerable to cold.
   It affects your resistance to hostile enchantments.
 G - the +2 shield of Amorality (worn) {*Contam rPois Str+5 Dex+4}
   (You took it off Asterion on level 4 of the Snake Pit)

   It affects your strength (+5).
   It affects your dexterity (+4).
   It protects you from poison.
   It causes magical contamination when unequipped.
Jewellery
 c - a +3 ring of evasion (left hand)
 s - an amulet of the acrobat (around neck)
 U - the ring of Attitude (right hand) {rElec rC+ Int+3 Stlth+}
   (You found it on level 4 of the Lair of Beasts)

   [ring of stealth]

   It affects your intelligence (+3).
   It protects you from cold.
   It insulates you from electricity.
   It makes you more stealthy.
Wands
 b - a wand of digging (18)
 d - a wand of polymorph (12)
 A - a wand of paralysis (59)
 N - a wand of acid (33)
 T - a wand of iceblast (50)
Scrolls
 j - 9 scrolls of teleportation
 m - 6 scrolls of identify
 y - a scroll of enchant armour
 z - 2 scrolls of fog
 B - 2 scrolls of holy word
 C - 9 scrolls of magic mapping
 J - 15 scrolls of remove curse
 M - a scroll of amnesia
 P - 3 scrolls of fear
 S - a scroll of summoning
Potions
 g - 2 potions of resistance
 k - 4 potions of flight
 l - a potion of cancellation
 t - 17 potions of curing
 u - 6 potions of ambrosia
 v - 2 potions of berserk rage
 D - 5 potions of magic
 F - 4 potions of might
 H - 3 potions of brilliance
 O - 3 potions of invisibility
 Q - 5 potions of agility
 R - 6 potions of haste
Books
 K - a manual of Fighting
Miscellaneous
 L - 2 sacks of spiders
 W - 2 phantom mirrors
 X - a lamp of fire
Comestibles
 f - 66 rations
 o - 4 chunks of flesh


   Skills:
 - Level 13.0 Fighting
 - Level 14.3 Short Blades
 - Level 11.0 Throwing
 - Level 11.3 Armour
 - Level 5.5 Dodging
 - Level 17.2 Stealth
 - Level 15.0 Shields
 - Level 10.0 Spellcasting
 + Level 15.9 Hexes
 - Level 12.0 Charms
 - Level 5.0 Evocations


You had 3 spell levels left.
You knew the following spells:

 Your Spells              Type           Power        Failure   Level  Hunger
a - Slow                  Hex            #####...     1%          2    None
b - Cause Fear            Hex            #####.....   1%          4    ###....
c - Regeneration          Chrm/Necr      ###.......   4%          3    #......
d - Spectral Weapon       Hex/Chrm       #####...     1%          3    #......
e - Shroud of Golubria    Chrm/Tloc      ###.......   1%          2    None
f - Invisibility          Hex            #####...     3%          6    ######.
g - Silence               Hex/Air        ###.......   19%         5    #####..
h - Confuse               Hex            #####...     1%          3    #......
i - Yara's Violent Unrav  Hex/Tmut       ###.......   19%         5    #####..
j - Metabolic Englaciati  Hex/Ice        ###.......   19%         5    #####..

Your spell library contained the following spells:

 Spells                   Type           Power        Failure   Level  Hunger
 Confusing Touch          Hex            #####.       0%          1    None
 Corona                   Hex            #####..      0%          1    None
 Infusion                 Chrm           ####         1%          1    None
 Ensorcelled Hibernation  Hex/Ice        ###...       1%          2    None
 Song of Slaying          Chrm           ####....     1%          2    None
 Dazzling Spray           Conj/Hex       ###...       1%          3    #......
 Inner Flame              Hex/Fire       ###.....     1%          3    #......
 Portal Projectile        Hex/Tloc       ###...       1%          3    #......
 Tukima's Dance           Hex            #####...     1%          3    #......
 Ozocubu's Armour         Chrm/Ice       ###.....     4%          3    #......
 Animate Skeleton         Necr           N/A          17%         1    None
 Apportation              Tloc           #.....       17%         1    None
 Beastly Appendage        Tmut           #.....       17%         1    None
 Freeze                   Ice            #...         17%         1    None
 Magic Dart               Conj           #...         17%         1    None
 Sandblast                Erth           #.....       17%         1    None
 Sting                    Conj/Pois      #...         17%         1    None
 Summon Butterflies       Summ           #.......     17%         1    None
 Summon Small Mammal      Summ           #...         17%         1    None
 Passwall                 Tmut/Erth      #.......     26%         2    None
 Poisonous Vapours        Pois/Air       #.....       26%         2    None
 Searing Ray              Conj           #.....       26%         2    None
 Sticks to Snakes         Tmut           #.......     26%         2    None
 Throw Frost              Conj/Ice       #.....       26%         2    None
 Conjure Flame            Conj/Fire      #.......     47%         3    #......
 Gell's Gravitas          Tloc           #.........   47%         3    #......
 Ignite Poison            Fire/Tmut/Pois #.......     47%         3    #......
 Lesser Beckoning         Tloc           #.........   47%         3    #......
 Mephitic Cloud           Conj/Pois/Air  #.......     47%         3    #......
 Spider Form              Tmut/Pois      #.........   47%         3    #......
 Static Discharge         Conj/Air       #.......     47%         3    #......
 Stone Arrow              Conj/Erth      #.....       47%         3    #......
 Darkness                 Hex            #####.....   3%          6    ######.
 Fulminant Prism          Conj/Hex       ###.......   6%          4    ###....
 Leda's Liquefaction      Hex/Erth       ###.......   6%          4    ###....
 Force Lance              Conj/Tloc      #.......     88%         4    ###....
 Ice Form                 Ice/Tmut       #.......     88%         4    ###....
 Iskenderun's Mystic Bla  Conj           #.......     88%         4    ###....
 Olgreb's Toxic Radiance  Pois           #.......     88%         4    ###....
 Petrify                  Tmut/Erth      #.......     88%         4    ###....
 Sticky Flame             Conj/Fire      #.......     88%         4    ###....
 Summon Ice Beast         Ice/Summ       #.......     88%         4    ###....
 Throw Icicle             Conj/Ice       #.......     88%         4    ###....
 Alistair's Intoxication  Tmut/Pois      #.......     99%         5    #####..
 Blade Hands              Tmut           #.........   99%         5    #####..
 Borgnjor's Vile Clutch   Necr/Erth      #.........   99%         5    #####..
 Fireball                 Conj/Fire      #.........   99%         5    #####..
 Lee's Rapid Deconstruct  Erth           #.........   99%         5    #####..
 Lightning Bolt           Conj/Air       #.........   99%         5    #####..
 Venom Bolt               Conj/Pois      #.........   99%         5    #####..
 Bolt of Cold             Conj/Ice       #.........   100%        6    ######.
 Bolt of Fire             Conj/Fire      #.........   100%        6    ######.
 Freezing Cloud           Conj/Ice/Air   #.........   100%        6    ######.
 Ozocubu's Refrigeration  Ice            #.........   100%        6    ######.
 Shadow Creatures         Summ           N/A          100%        6    ######.
 Simulacrum               Ice/Necr       #.........   100%        6    ######.
 Haunt                    Necr/Summ      #.........   100%        7    #######
 Malign Gateway           Summ/Tloc      #.........   100%        7    #######
 Monstrous Menagerie      Summ           #.........   100%        7    #######
 Ring of Flames           Chrm/Fire      ###.......   100%        7    #######
 Summon Greater Demon     Summ           #.........   100%        7    #######
 Borgnjor's Revivificati  Necr           #.........   100%        8    #######
 Death's Door             Chrm/Necr      ###.......   100%        8    #######
 Ignition                 Fire           #.........   100%        8    #######
 Infestation              Necr           #.........   100%        8    #######
 Necromutation            Tmut/Necr      #.........   100%        8    #######
 Summon Horrible Things   Summ           #.........   100%        8    #######
 Shatter                  Erth           #.........   100%        9    #######
 Tornado                  Air            #.........   100%        9    #######


Dungeon Overview and Level Annotations

Branches:
Dungeon (15/15)            Temple (1/1) D:7            Lair (6/6) D:8
 Shoals (4/4) Lair:2        Snake (4/4) Lair:3        Slime (0/5) Lair:5
    Orc (2/2) D:9             Elf (3/3) Orc:2        Vaults (4/5) D:13
  Crypt (0/3) Vaults:2     Depths (2/5) D:15

Altars:
Ashenzari
Cheibriados
Dithmenos
Elyvilon
Fedhas
Gozag
Hepliaklqana
Kikubaaqudgha
Makhleb
Nemelex Xobeh
Okawaru
Qazlal
Ru
Sif Muna
Trog
Uskayaw
Vehumet
Wu Jian
Xom
Yredelemnul
Zin
The Shining One
Lugonu

Shops:
D:5 ?   D:9 =?%%*[   D:10 *   D:12 *   Orc:2 *[?!   Elf:2 =[[   Shoals:2 *
Vaults:2 [

Portals:
Hell: Depths:1

Annotations:
D:13 2 transporters, Gonnurakk's ghost, journeyman SpEn
Shoals:4 P0WERM0DE's ghost, adept MiFi
Vaults:1 3 runed translucent doors, Dehatel's ghost, adept DDFi
Vaults:4 8 runed translucent doors, Qyisuosupp's ghost, adept MiBe


Innate Abilities, Weirdness & Mutations

You have razor-sharp teeth.
You heal very quickly.
When hurt, damage is shared between your health and your magic reserves.
Your bite disrupts and absorbs the magic of your enemies.
Potions cannot restore your health.
You are immune to rotting.
Your spells are a little easier to cast, but a little less powerful.


Message History

The deep troll earth mage seems to regain its courage.
The stone giant seems to regain its courage.
The deep troll earth mage gestures at the rock wall while chanting.
Some rock shatters into small pieces.
The stone giant throws a large rock.
The large rock misses you.
As you read the scroll of teleportation, it crumbles to dust.
You feel strangely unstable.
Unknown command.
The stone giant throws a large rock.
You block the large rock.
You see here a large rock.
Casting: Regeneration (safe; 4% risk of failure)
Confirm with . or Enter, or press ? or * to list all spells.
Your skin crawls.
The deep troll earth mage seems to regain its courage.
The deep troll earth mage points at you and mumbles some strange words.
The wall shatters!
The blast of rock fragments hits you!!
* * * LOW HITPOINT WARNING * * *
You emit a cloud of dark smoke.
The stone giant throws a large rock.
The large rock hits you!
You die...

++##...............
..
##..........#####.T.
##........##D..#..
#........#.....#
#......T.#.....+
#..............#
#......[(§....# #
#.....C)§§§§###..#
#..###'###§§@§§...#
..##.....##§§§§....#
.##.......##.§.C....
#.........##.....(.
#...........######..
#...........# .
#..^.......?#
#...........DC
+....p......#.


You could see a fire dragon (fleeing), a stone giant and a deep troll earth
mage.

Vanquished Creatures
  Jory (Vaults:4)
  Jorgrun (D:12)
  Asterion (Snake:4)
  2 tentacled monstrosities (Depths:2)
  2 deep elf blademasters (Elf:3)
  2 deep elf master archers (Elf:3)
  A sphinx (Vaults:1)
  A storm dragon (Depths:2)
  13 nagarajas
  3 frost giants
  3 deep elf sorcerers (Elf:3)
  Aizul (Vaults:4)
  A fire giant (Depths:2)
  Louise (D:15)
  3 deep elf elementalists
  7 vault wardens
  9 ironheart preservers
  A stone giant (Vaults:2)
  9 very ugly things
  A vampire knight (Depths:2)
  6 deep elf demonologists
  7 deep elf annihilators
  A dire elephant (D:15)
  A crystal guardian (Vaults:4)
  5 merfolk javelineers (Shoals:4)
  An ettin (shapeshifter) (Vaults:4)
  4 deep elf death magi
  8 merfolk impalers
  10 yaktaur captains
  5 fire dragons
  3 great orbs of eyes
  2 deep elf high priests
  Josephine (D:15)
  3 ice dragons
  A rakshasa (Vaults:1)
  Harold (D:10)
  2 vault guards
  15 naga warriors
  10 hydras
  8 centaur warriors
  14 ogre magi
  2 catoblepae
  8 merfolk aquamancers
  4 merfolk avatars
  13 anacondas
  3 satyrs
  An alligator snapping turtle (Shoals:4)
  27 dancing weapons
  A death knight (Vaults:2)
  45 two-headed ogres
  A deep troll shaman (Vaults:3)
  A tengu warrior (D:14)
  2 deep troll earth magi
  Urug (D:10)
  5 orc high priests (Orc:2)
  2 spriggan berserkers (Depths:2)
  16 naga sharpshooters
  The ghost of Qicau the Black Sun, a novice DsNe of Kikubaaqudgha (Orc:1)
  18 deep elf knights
  5 shock serpents
  A hell knight (Depths:2)
  5 salamander mystics (Snake:4)
  A deep troll (shapeshifter) (Vaults:2)
  2 shadow wraiths
  An orange crystal statue (Elf:3)
  11 deep trolls
  3 unseen horrors
  2 wizards (Vaults:3)
  25 sea snakes
  11 deep elf archers
  A tengu zombie (Vaults:2)
  2 flayed ghosts
  8 naga ritualists
  8 ironbrand convokers
  4 lindwurms (Snake:4)
  2 necromancers
  Pikel (D:3)
  A phantasmal warrior (Vaults:2)
  12 harpies
  59 deep elf magi
  19 mana vipers
  18 orc knights
  A wolf spider zombie (D:15)
  4 wolf spiders
  6 orc sorcerers
  A frost giant zombie (Vaults:3)
  An orb spider (shapeshifter) (Vaults:1)
  8 salamanders
  14 fauns
  18 ugly things
  8 cyclopes
  13 manticores
  8 guardian serpents
  6 elephants
  A worldbinder (Shoals:4)
  A human skeleton (Vaults:3)
  Joseph (D:8)
  11 merfolk sirens
  45 black mambas
  4 torpor snails (Lair:4)
  A fire giant skeleton (Vaults:2)
  9 water nymphs
  7 vault sentinels
  A smoke demon (Abyss:3)
  25 naga magi
  4 rime drakes
  11 spiny frogs
  A gargoyle (D:13)
  6 komodo dragons
  2 efreet
  25 yaktaurs
  A yaktaur (shapeshifter) (Depths:1)
  A freezing wraith (Vaults:4)
  A tengu conjurer (D:14)
  An ancient zyme (Abyss:3)
  5 polar bears
  7 wind drakes
  34 merfolk
  3 meliai (D:15)
  9 trolls
  22 slime creatures
  3 hornets
  16 snapping turtles
  12 blink frogs
  15 hippogriffs
  9 dream sheep
  A spriggan (shapeshifter) (Vaults:4)
  A tarantella (Orc:1)
  2 redbacks (Orc:1)
  A shadow (D:11)
  6 wyverns
  18 water elementals
  2 air elementals (Elf:1)
  A spriggan (D:8)
  A vampire (D:13)
  32 yaks
  7 wraiths
  A fire elemental (Elf:1)
  2 human simulacra
  2 basilisks
  6 vampire mosquitoes
  A steam dragon (D:11)
  A yaktaur simulacrum (Vaults:3)
  2 hungry ghosts
  10 wargs
  34 nagas
  A large abomination (Abyss:3)
  An acid dragon (D:13)
  Duvessa (D:4)
  3 small abominations
  17 water moccasins
  11 porcupines
  A hornet zombie (D:11)
  5 ice beasts
  47 orc warriors
  3 black bears
  2 ettin simulacra
  4 slaves (D:3)
  2 eyes of draining (D:13)
  A phantom (D:7)
  3 sky beasts
  An eye of draining (shapeshifter) (Vaults:2)
  A necrophage (D:7)
  34 ogres
  9 wolves
  15 centaurs
  11 crocodiles
  4 big kobolds
  A wyvern zombie (D:6)
  20 bullfrogs
  An earth elemental (Elf:3)
  Dowan (D:4)
  A glowing shapeshifter simulacrum (Vaults:2)
  A water moccasin zombie (D:7)
  A scorpion (D:6)
  20 killer bees
  An elf simulacrum (Vaults:2)
  10 electric eels
  10 wights
  3 howler monkeys
  3 crimson imps
  A bullfrog zombie (D:6)
  3 centaur zombies
  42 orc priests
  3 hounds
  4 bullfrog skeletons
  6 jellies
  Crazy Yiuf (D:4)
  6 centaur skeletons
  A gnoll shaman (D:4)
  2 iguanas
  21 orc wizards
  10 worker ants
  A hound skeleton (D:7)
  15 gnolls
  2 howler monkey skeletons
  26 adders
  5 shadow imps
  12 white imps (Lair:1)
  6 oozes
  An adder skeleton (D:5)
  5 worms
  4 dart slugs
  3 leopard geckos
  126 orcs
  4 giant cockroaches
  11 goblins
  9 hobgoblins
  16 jackals
  6 quokkas
  A ball python (D:2)
  A ball python skeleton (D:4)
  5 bats
  8 frilled lizards
  14 kobolds
  A leopard gecko skeleton (D:4)
  A quokka skeleton (D:9)
  4 rats
  A fire vortex (Depths:2)
  A fungus (D:4)
1676 creatures vanquished.

Vanquished Creatures (others)
  A hydra (D:13)
  A spiny frog (Lair:5)
  An air elemental (Elf:1)
  A crocodile (Lair:5)
  A jelly (D:15)
  An orc (Vaults:4)
  A bush (Lair:6)
  A butterfly (Lair:5)
  20 fungi
  31 plants
  A spectral weapon (Vaults:2)
  5 toadstools (D:9)
65 creatures vanquished.

Grand Total: 1741 creatures vanquished

Notes
Turn   | Place    | Note
-------+----------+-------------------------------------------
     0 | D:1      | HAL9000 the Vine Stalker Assassin began the quest for the
                  | Orb.
     0 | D:1      | Reached XP level 1. HP: 11/11 MP: 2/2
   103 | D:1      | Reached XP level 2. HP: 12/15 MP: 3/3
   107 | D:1      | Reached skill level 5 in Stealth
   636 | D:2      | Reached XP level 3. HP: 18/18 MP: 4/4
   874 | D:2      | Reached skill level 1 in Dodging
  1516 | D:2      | Gained mutation: Your natural rate of healing is unusually
                  | fast. [Vine Stalker growth]
  1516 | D:2      | Reached XP level 4. HP: 22/23 MP: 5/5
  1669 | D:2      | Found an opulent altar of Gozag.
  1669 | D:2      | Found a white marble altar of Elyvilon.
  1858 | D:2      | Reached XP level 5. HP: 22/26 MP: 4/6
  2179 | D:3      | Found an iron altar of Okawaru.
  2778 | D:4      | Noticed an ogre
  2850 | D:3      | Killed an ogre
  2850 | D:3      | Reached XP level 6. HP: 2/30 MP: 1/7
  3013 | D:4      | Noticed Duvessa
  3013 | D:4      | Noticed Dowan
  3083 | D:3      | Reached skill level 5 in Short Blades
  3361 | D:4      | Killed Duvessa
  3361 | D:4      | Reached XP level 7. HP: 27/35 MP: 8/8
  3377 | D:4      | Killed Dowan
  3495 | D:4      | Found a radiant altar of Vehumet.
  3728 | D:4      | Found a deep blue altar of Sif Muna.
  3859 | D:4      | Noticed Pikel
  4286 | D:4      | Found a runed translucent door.
  4287 | D:4      | Noticed Crazy Yiuf
  4292 | D:4      | Killed Crazy Yiuf
  4292 | D:4      | Gained mutation: You have razor-sharp teeth. [Vine Stalker
                  | growth]
  4292 | D:4      | Reached XP level 8. HP: 39/39 MP: 9/9
  4552 | D:3      | Killed Pikel
  4855 | D:5      | Entered Level 5 of the Dungeon
  5112 | D:5      | Found Mitoju Ewuph's Magic Scroll Shop.
  5121 | D:5      | Bought a scroll of teleportation for 39 gold pieces
  5321 | D:5      | Learned a level 2 spell: Slow
  5326 | D:5      | Learned a level 4 spell: Cause Fear
  5540 | D:6      | Reached XP level 9. HP: 42/42 MP: 10/10
  5714 | D:6      | Reached skill level 10 in Short Blades
  5868 | D:6      | Found a stormy altar of Qazlal.
  5951 | D:6      | Reached skill level 1 in Spellcasting
  5951 | D:6      | Reached skill level 1 in Hexes
  6508 | D:7      | Found a staircase to the Ecumenical Temple.
  6519 | Temple   | Entered the Ecumenical Temple
  7341 | D:7      | Reached skill level 5 in Spellcasting
  7341 | D:7      | Reached skill level 5 in Hexes
  7341 | D:7      | Reached XP level 10. HP: 37/46 MP: 15/19
  7349 | D:7      | Found a shadowy altar of Dithmenos.
  7418 | D:7      | Found a glowing silver altar of Zin.
  7418 | D:7      | Found a hazy altar of Hepliaklqana.
  7426 | D:7      | Found a faded altar of an unknown god.
  7428 | D:7      | Found a faded altar of an unknown god.
  7430 | D:7      | Found a sacrificial altar of Ru.
  7659 | D:8      | Found a staircase to the Lair.
  7926 | D:8      | Paralysed by a hornet for 1 turns
  8257 | D:8      | Noticed Joseph
  8295 | D:8      | Killed Joseph
  8467 | D:8      | Found the amulet of the Air {Inacc +Fly rElec EV+5 RMsl}
  9000 | D:7      | Became a worshipper of Dithmenos the Shadowed
  9251 | D:9      | Found Ockoip's Armour Boutique.
  9271 | D:9      | Found Cuxo's Lightly-Used Armoury.
  9330 | D:9      | Found Ehishror's Food Shoppe.
  9333 | D:9      | Found Esazot's Magic Scroll Shop.
  9341 | D:9      | Bought a scroll of blinking for 82 gold pieces
  9341 | D:9      | Bought a scroll of teleportation for 33 gold pieces
  9351 | D:9      | Noticed a two-headed ogre
  9445 | D:9      | Noticed a two-headed ogre
  9486 | D:8      | Reached skill level 6 in Stealth
  9540 | Lair:1   | Entered Level 1 of the Lair of Beasts
  9612 | Lair:1   | Reached skill level 7 in Stealth
  9866 | Lair:1   | Found a frozen archway.
  9973 | Lair:1   | Reached * piety under Dithmenos
 10016 | Lair:1   | Reached skill level 8 in Stealth
 10121 | Lair:1   | Reached XP level 11. HP: 25/50 MP: 12/22
 10395 | Lair:1   | Reached skill level 5 in Throwing
 10395 | Lair:1   | Reached skill level 9 in Stealth
 10405 | Lair:1   | Noticed a six-headed hydra
 10406 | Lair:1   | Killed a six-headed hydra
 11214 | Lair:1   | Reached skill level 10 in Stealth
 11268 | Lair:2   | Found a staircase to the Shoals.
 11582 | Lair:1   | HP: 2/50 [merfolk/+0 trident (9)]
 12527 | Lair:2   | Reached skill level 11 in Stealth
 12837 | Lair:3   | Reached ** piety under Dithmenos
 12932 | Lair:3   | Noticed a wolf spider
 13269 | Lair:3   | Noticed a six-headed hydra
 13326 | Lair:2   | HP: 1/50 [poisoned by a wolf spider]
 13443 | Lair:2   | Killed a wolf spider
 13443 | Lair:2   | Gained mutation: You heal very quickly. [Vine Stalker
                  | growth]
 13443 | Lair:2   | Reached XP level 12. HP: 54/54 MP: 23/23
 13537 | Lair:2   | Reached skill level 1 in Armour
 13942 | Lair:3   | Found a staircase to the Snake Pit.
 13943 | Lair:3   | Noticed a catoblepas
 14264 | Lair:3   | Identified a scroll of acquirement
 14275 | Lair:3   | Found the +7 captain's cutlass {speed, disarm}
 14428 | Lair:3   | Killed a six-headed hydra
 14760 | Lair:3   | Killed a catoblepas
 15296 | Lair:4   | Got a vibrating marble ring
 15298 | Lair:4   | Identified the ring of Attitude {rElec rC+ Int+3 Stlth+}
                  | (You found it on level 4 of the Lair of Beasts)
 15623 | Lair:4   | Found a snail-covered altar of Cheibriados.
 15646 | Lair:4   | Reached *** piety under Dithmenos
 16579 | Lair:5   | Found a staircase to the Slime Pits.
 16626 | Lair:4   | Reached XP level 13. HP: 58/58 MP: 24/24
 17186 | Lair:6   | Entered Level 6 of the Lair of Beasts
 17461 | Lair:6   | Reached **** piety under Dithmenos
 17725 | Lair:6   | Identified Bestoeph's Tome of Torrid Attacks
 18354 | Lair:6   | Reached skill level 5 in Fighting
 18741 | Lair:6   | HP: 2/65 [five-headed hydra (4)]
 18895 | Lair:6   | Reached XP level 14. HP: 56/70 MP: 21/25
 19045 | Lair:6   | Reached skill level 1 in Shields
 19045 | Lair:6   | Reached skill level 1 in Evocations
 19522 | D:9      | Upgraded the game from 0.24-a0-347-g1a3e1d35ff to
                  | 0.24-a0-355-gbe4061de67
 19539 | D:9      | Bought a scroll of fear for 38 gold pieces
 19760 | D:9      | Reached ***** piety under Dithmenos
 19830 | D:9      | Found a staircase to the Orcish Mines.
 19952 | D:9      | Found a shimmering altar of Xom.
 19989 | D:9      | Found Natsytiw's Jewellery Emporium.
 20059 | D:9      | Found Efedd's Food Boutique.
 20218 | D:9      | Bought +0 ice dragon scales for 900 gold pieces
 20462 | D:10     | Entered Level 10 of the Dungeon
 20471 | D:10     | Noticed Urug
 20476 | D:10     | Killed Urug
 20625 | D:10     | Found Fomiv's General Store.
 20638 | D:10     | Bought a potion of curing for 36 gold pieces
 20638 | D:10     | Bought a scroll of teleportation for 36 gold pieces
 20735 | D:10     | Noticed Harold
 20748 | D:10     | Killed Harold
 20823 | D:10     | Reached skill level 5 in Shields
 21021 | Orc:1    | Entered Level 1 of the Orcish Mines
 21203 | Orc:2    | Entered Level 2 of the Orcish Mines
 21441 | Orc:1    | Reached skill level 12 in Stealth
 21534 | Orc:1    | Found a shimmering altar of Xom.
 22069 | Orc:1    | Found a large runed translucent door.
 22069 | Orc:1    | Found a large runed translucent door.
 22073 | Orc:1    | Noticed Qicau's ghost (novice DsNe)
 22132 | Orc:1    | Killed Qicau's ghost
 22454 | Orc:2    | Found a staircase to the Elven Halls.
 22605 | Orc:2    | Reached skill level 5 in Evocations
 23050 | Orc:2    | Reached ****** piety under Dithmenos
 23566 | Orc:2    | Found Jutoa's General Store.
 23571 | Orc:2    | Found Cunull's Distillery.
 23571 | Orc:2    | Found Ehitt's Magic Scroll Emporium.
 23572 | Orc:2    | Found Fazuel's Antique Armour Shoppe.
 23811 | D:10     | Got a blackened short sword
 23812 | D:10     | Identified the +10 short sword of Focus {pierce, +Blink
                  | rN++} (You found it on level 10 of the Dungeon)
 23984 | D:4      | Identified Sif Muna's Guide on Confrontation
 24195 | D:11     | Reached skill level 5 in Armour
 24341 | D:11     | Reached XP level 15. HP: 73/73 MP: 26/26
 24358 | D:11     | Learned a level 3 spell: Regeneration
 24362 | D:11     | Learned a level 3 spell: Spectral Weapon
 24365 | D:11     | Learned a level 2 spell: Shroud of Golubria
 24416 | D:11     | Reached skill level 1 in Charms
 24983 | D:12     | Noticed Jorgrun
 25058 | D:12     | Killed Jorgrun
 25165 | D:12     | Found Kiotuo's General Store.
 25171 | D:12     | Bought a scroll of teleportation for 33 gold pieces
 25191 | D:12     | Reached skill level 5 in Charms
 25525 | D:12     | Found a corrupted altar of Lugonu.
 26110 | D:13     | Found a sparkling altar of Nemelex Xobeh.
 26201 | D:13     | Identified the +8 dire flail of the Key {crush, rElec Int-5
                  | Dex+2}
 26316 | D:13     | Found a transporter.
 26316 | D:13     | Noticed Gonnurakk's ghost (journeyman SpEn)
 26321 | D:13     | Found a transporter.
 26384 | D:13     | Found a gate to the Vaults.
 26995 | D:14     | Learned a level 6 spell: Invisibility
 27001 | D:14     | Learned a level 5 spell: Alistair's Intoxication
 27424 | D:15     | Entered Level 15 of the Dungeon
 27429 | D:15     | Noticed Josephine
 27436 | D:15     | Killed Josephine
 27579 | D:15     | Reached skill level 10 in Charms
 27952 | D:15     | Noticed Louise
 27958 | D:15     | Cast into level 3 of the Abyss (Louise)
 27969 | D:15     | Escaped the Abyss
 28006 | D:15     | Killed Louise
 28077 | D:15     | Found a staircase to the Depths.
 28119 | D:15     | Reached XP level 16. HP: 40/77 MP: 15/27
 28916 | Snake:1  | Entered Level 1 of the Snake Pit
 29616 | Snake:1  | Found the +2 hat of the Bear Spirit {Spirit, +Rage rN+
                  | MR++}
 29815 | Snake:1  | Got a glittering lead ring
 30741 | Snake:2  | Noticed a nagaraja
 30747 | Snake:2  | Killed a nagaraja
 32093 | Snake:3  | Reached XP level 17. HP: 65/81 MP: 26/28
 32117 | Snake:3  | Identified the cursed +2 great sword "Baojicoilu" {vamp,
                  | rPois MR+ Str-2}
 32419 | Snake:3  | Reached skill level 10 in Armour
 33147 | Snake:3  | Identified the ring "Yhaysorr" {Fire rPois Str+3 Dex+3}
                  | (You found it on level 1 of the Snake Pit)
 33376 | Snake:4  | Entered Level 4 of the Snake Pit
 33555 | Snake:4  | Reached skill level 10 in Throwing
 34236 | Snake:4  | Identified the +2 shield of Amorality {*Contam rPois Str+5
                  | Dex+4}
 34236 | Snake:4  | Noticed Asterion
 34239 | Snake:4  | Killed Asterion
 34758 | Snake:4  | Reached XP level 18. HP: 62/87 MP: 29/29
 35754 | Snake:4  | Got a serpentine rune of Zot
 36231 | Orc:2    | Bought polished fire dragon scales for 1495 gold pieces
 36232 | Orc:2    | Identified the +1 fire dragon scales of Bitterness {rF++
                  | rC- MR++ Dex+4} (You bought it in a shop on level 2 of the
                  | Orcish Mines)
 36424 | Shoals:1 | Entered Level 1 of the Shoals
 36439 | Shoals:1 | Reached skill level 10 in Shields
 37748 | Shoals:2 | Found Hiesk's Humungous Hoard.
 38382 | Shoals:3 | Reached XP level 19. HP: 91/91 MP: 26/30
 38517 | Shoals:4 | Entered Level 4 of the Shoals
 38585 | Shoals:4 | Found a runed translucent gate.
 38585 | Shoals:4 | Found a runed translucent gate.
 38597 | Shoals:4 | Found a runed translucent gate.
 38597 | Shoals:4 | Noticed P0WERM0DE's ghost (adept MiFi)
 39089 | Shoals:4 | Cast into level 3 of the Abyss (merfolk javelineer)
 39325 | Abyss:3  | Noticed a Hell Sentinel
 39354 | Shoals:4 | Escaped the Abyss
 39579 | Shoals:4 | Learned a level 3 spell: Confuse
 40232 | Shoals:4 | Got a barnacled rune of Zot
 40860 | Lair:1   | Gained mutation: Your spells are a little easier to cast,
                  | but a little less powerful. [you]
 40864 | Lair:1   | Upgraded the game from 0.24-a0-355-gbe4061de67 to
                  | 0.24-a0-358-g53aee78b01
 41037 | Vaults:1 | Entered Level 1 of the Vaults
 41307 | Vaults:1 | Reached skill level 15 in Shields
 41577 | Vaults:1 | Reached skill level 13 in Stealth
 41881 | Vaults:1 | Found a runed translucent gate.
 41881 | Vaults:1 | Found a runed translucent gate.
 41881 | Vaults:1 | Found a runed translucent gate.
 41883 | Vaults:1 | Noticed Dehatel's ghost (adept DDFi)
 42255 | Vaults:1 | Reached skill level 10 in Hexes
 42957 | Shoals:4 | Got a pair of jewelled boots
 43130 | Lair:1   | Identified the +0 pair of boots of Impatience {+Blink rElec
                  | Str+10 Int-4} (You found it on level 4 of the Shoals)
 43442 | Vaults:2 | Reached XP level 20. HP: 95/95 MP: 31/31
 43868 | Vaults:2 | Reached skill level 14 in Stealth
 44052 | Vaults:2 | Found a staircase to the Crypt.
 44052 | Vaults:2 | Found an ancient bone altar of Kikubaaqudgha.
 44053 | Vaults:2 | Found a basalt altar of Yredelemnul.
 44498 | Vaults:2 | Reached skill level 15 in Stealth
 44559 | Vaults:2 | Found Ymun's Antique Armour Emporium.
 46120 | Vaults:4 | Noticed Aizul
 46126 | Vaults:4 | Killed Aizul
 46220 | Vaults:4 | Reached XP level 21. HP: 97/100 MP: 30/33
 46243 | Vaults:4 | Noticed Jory
 46271 | Vaults:4 | Killed Jory
 46826 | Vaults:4 | Found a large runed translucent door.
 46826 | Vaults:4 | Found a large runed translucent door.
 46826 | Vaults:4 | Found a large runed translucent door.
 46826 | Vaults:4 | Found a large runed translucent door.
 46826 | Vaults:4 | Found a large runed translucent door.
 46826 | Vaults:4 | Found a large runed translucent door.
 46826 | Vaults:4 | Noticed Qyisuosupp's ghost (adept MiBe)
 46827 | Vaults:4 | Found a large runed translucent door.
 46827 | Vaults:4 | Found a large runed translucent door.
 46928 | Vaults:4 | Reached skill level 16 in Stealth
 47873 | Elf:1    | Entered Level 1 of the Elven Halls
 48231 | Elf:1    | Reached skill level 10 in Spellcasting
 48725 | Elf:2    | Found Duhum's Antique Armour Boutique.
 48729 | Elf:2    | Reached skill level 17 in Stealth
 48925 | Elf:2    | Found Juluilu's Antique Armour Emporium.
 48933 | Elf:2    | Bought a pair of fine gloves for 285 gold pieces
 48938 | Elf:2    | Identified the +2 pair of gloves of Creativity {MR- Str-4
                  | Dex+9} (You bought it in a shop on level 2 of the Elven
                  | Halls)
 48989 | Elf:2    | Found Vynnoune's Jewellery Boutique.
 49044 | Elf:2    | Found a runed translucent gate.
 49047 | Elf:2    | Found a runed translucent gate.
 49048 | Elf:2    | Found a runed translucent gate.
 49145 | Elf:2    | Learned a level 5 spell: Silence
 49151 | Elf:2    | Learned a level 5 spell: Yara's Violent Unravelling
 49157 | Elf:2    | Learned a level 5 spell: Metabolic Englaciation
 49412 | Elf:2    | Reached XP level 22. HP: 99/109 MP: 37/37
 49577 | Elf:3    | Entered Level 3 of the Elven Halls
 49783 | Elf:3    | Reached skill level 10 in Fighting
 50577 | Elf:3    | Identified the ring "Tetocw" {rPois Str+4}
 50598 | Elf:3    | Identified the cursed +3 great mace "Huno" {freeze, +Rage}
 50631 | Elf:3    | Reached skill level 5 in Dodging
 50889 | Elf:3    | Identified the +3 scythe "Leviticus" {elec, Str+4}
 50889 | Elf:3    | Identified the amulet of Sovereignty {Spirit rF+}
 50948 | Elf:3    | Found the +8 longbow "Zephyr" {speed, Dex+3 SInv}
 51019 | Elf:3    | Got a shimmering tin ring
 51020 | Elf:3    | Identified the ring "Vozxulul" {rPois Str+5 Stlth-} (You
                  | found it on level 3 of the Elven Halls)
 51033 | Elf:3    | Got a coiled pewter amulet
 51034 | Elf:3    | Identified the amulet "Kihifu Egry" {*Slow +Rage Dex+5}
                  | (You found it on level 3 of the Elven Halls)
 51386 | D:10     | Bought 15 arrows for 36 gold pieces
 52683 | Depths:1 | Entered Level 1 of the Depths
 52711 | Depths:1 | Found a gateway to Hell.
 52868 | Depths:1 | Reached skill level 15 in Hexes
 53875 | Depths:2 | HP: 4/118 [deep troll earth mage/blast of rock fragments
                  | (13)]
 53875 | Depths:2 | Hit by a large rock thrown by a stone giant

Levels and vault maps discovered:
D:1:      dpeg_arrival_stonehenge_8_columns, layout_loops_ring
D:2:      cheibrodos_greedy_goblins, layout_basic,
          gammafunk_temple_overflow_statue
D:3:      layout_basic, okawaru_metal_pillars_3, kennysheep_generic_room_15
D:4:      layout_cave_pools, vehumet_crystals, led_sif_book, first_ration,
          uniq_pikel, uniq_crazy_yiuf_cottage, uniq_duvessa
D:5:      layout_rooms, serial_shops, shop
D:6:      layout_basic, lemuel_doored_altar
D:7:      layout_loops_cross, nicolae_overflow_hidden_temple,
          chequers_temple_overflow_minitemple, minmay_temple_entry_hall,
          skrybe_limestone_x, minmay_misc_feat_doors, dk_noncrumbling_2,
          lemuel_old_faithful
D:8:      layout_basic, lair_entry_dummy, the_bakery, uniq_joseph
D:9:      layout_roguey, xom_butterflies, hiddenorc2_lemuel, serial_shops,
          kennysheep_mini_moat, nicolae_shop_behind_doors,
          nicolae_shop_window_shopping, shop_statue, nicolae_shop_trees,
          minmay_gold_behind_fungi, minmay_shop_damaged
D:10:     layout_big_octagon, serial_shops, nicolae_shop_stone,
          serial_column_ruins, column_ruins_circle_medium,
          column_ruins_hut_pillars, column_ruins_grid_2, column_ruins_grid_1,
          column_ruins_grid_1, column_ruins_open_tiny,
          column_ruins_corridor_straight, column_ruins_columns_corner,
          uniq_urug, uniq_harold
D:11:     layout_rooms
D:12:     layout_basic, serial_shops, nicolae_shop_crystal, tgw_lugonu_bribe,
          uniq_jorgrun
D:13:     layout_rooms, david_vaults_4, gammafunk_ghost_smash,
          nemelex_altar_shiori
D:14:     layout_roguey, chequers_big_river, minmay_variable_closet
D:15:     hangedman_depths_entry_try_elsewhere_first, layout_small_grid,
          serial_bayou_pond_b, gauntlet_entry_generic, lemuel_flamethrower_2,
          uniq_louise, uniq_josephine
Temple:   minmay_temple_curvy_loop
Lair:1:   layout_roguey, portal_ice_cave_entry_imps, grunt_megastairs_1,
          serial_bayou_shore_b
Lair:2:   layout_gridlike, elwin_shoals_entry_stream
Lair:3:   minmay_lair_venomous_thicket, layout_small_grid,
          guppyfry_snake_entry_island, infiniplex_staircase_pool
Lair:4:   layout_loops_ring, kennysheep_snail_temple, lemuel_fruit_tree
Lair:5:   layout_gridlike, nicolae_slime_entry_slimehenge, lemuel_fruit_fields
Lair:6:   gammafunk_lair_ancient_temple, layout_gridlike, st_stairs_4,
          chequers_serial_rivers_small_b
Shoals:1: layout_shoals
Shoals:2: layout_shoals, nicolae_alphabet_shops
Shoals:3: layout_shoals
Shoals:4: shoals_end_grunt_ice, layout_shoals, gammafunk_ghost_tricky_traps
Snake:1:  layout_misc_corridors, serial_bayou, serial_bayou_lake_a,
          serial_bayou_shore_a, serial_bayou_pond_b, serial_bayou_pond_c
Snake:2:  layout_basic, grunt_ministairs_13, grunt_megastairs_3
Snake:3:  nicolae_cobra_stairs, layout_gridlike, grunt_megastairs_4
Snake:4:  snake_pit_salamanders_mu, layout_cave_town, uniq_asterion
Orc:1:    nicolae_orc_accident_3, layout_caves, ebering_ghost_disaster_area,
          basic_altar
Orc:2:    st_orc_pillars, layout_caves
Elf:1:    eino_elf_arrival_the_gate, layout_geoelf_grid,
          kennysheep_underground_church, due_unseen_surprise
Elf:2:    layout_geoelf_grid, serial_shops, nicolae_shop_stone, shop, shop
Elf:3:    elf_hall, layout_onion_city, minivault_16
Vaults:1: gammafunk_vaults_ghost_spectres, v_misc_27, serial_ice_g,
          vaults_dpeg_ring, layout_vaults_omnigrid
Vaults:2: nicolae_vaults_puzzle_piece, v_alt_pattern_6, v_misc_11,
          minmay_crypt_entry_necro_gods, nicolae_vaults_network_star, v_misc_22,
          vaults_mumra_hexcomb, ontoclasm_vaults_gallery,
          nicolae_vaults_network_s, v_misc_22, ontoclasm_vaults_twist,
          layout_vaults_omnicross, serial_shops, nicolae_shop_behind_doors
Vaults:3: hangedman_vaults_slither, ontoclasm_vaults_ring_small,
          nicolae_vaults_asterisk, vaults_dpeg_diagonal,
          layout_vaults_chaotic_city
Vaults:4: advil_vaults_ghost_lines, grunt_vaults_swirl, v_pattern_4,
          hangedman_vaults_locks, v_alt_pattern_6, ontoclasm_vaults_chip,
          vaults_room_door_ring, ontoclasm_vaults_spin,
          grunt_vaults_hallway_short, serial_ice_m, v_misc_24,
          nicolae_vaults_little_squares_5, layout_vaults_ring, uniq_jory,
          uniq_aizul
Depths:1: layout_gridlike, minmay_misc_feat_four_crosses, hell_entry,
          kennysheep_boxes
Depths:2: minmay_octagon_city, layout_cave_pools, enter_ziggurat_a, hell_entry,
          serial_bayou, serial_bayou_pond_d, serial_bayou_pond_c, pan_entry,
          nrook_mini_backslash

Skill      XL: |  1  2  3  4  5  6  7  8  9 10 11 12 13 14 15 16 17 18 19 20 21 22 |
---------------+-------------------------------------------------------------------+-----
Short Blades   | 2 4 5 7 9 10 12 14 | 14.3
Throwing       | 2 4 8 9 11 | 11.0
Stealth        | 5 8 11 12 13 15 17 | 17.2
Dodging        | 1 3 5 |  5.5
Fighting       | 2 6 9 13 | 13.0
Spellcasting   | 5 7 10 | 10.0
Hexes          | 5 7 9 10 13 14 15 | 15.9
Armour         | 3 4 5 9 11 | 11.3
Shields        | 5 6 12 15 | 15.0
Evocations     | 5 |  5.0
Charms         | 11 12 | 12.0

Action                   |  1- 3 |  4- 6 |  7- 9 | 10-12 | 13-15 | 16-18 | 19-21 | 22-24 || total
-------------------------+-------+-------+-------+-------+-------+-------+-------+-------++-------
Melee: Dagger            |    51 |   240 |   469 |   818 |       |       |       |       ||  1578
       Bite              |    15 |    78 |   184 |   336 |   620 |   815 |  1111 |   219 ||  3378
       Quarterstaff      |       |       |     5 |       |       |       |       |       ||     5
       Cutlass           |       |       |       |   178 |  1719 |  1886 |  1880 |   362 ||  6025
       Short sword       |       |       |       |       |    80 |       |    40 |       ||   120
Throw: Dart              |    15 |    11 |    13 |   118 |     9 |       |     2 |       ||   168
       Boomerang         |       |       |     6 |    28 |    15 |    46 |     5 |    15 ||   115
       Throwing net      |       |       |       |     3 |       |       |       |       ||     3
       Javelin           |       |       |       |       |       |    17 |    13 |    13 ||    43
 Cast: Slow              |       |       |       |    25 |    29 |       |       |       ||    54
       Cause Fear        |       |       |       |     5 |     1 |     1 |     2 |       ||     9
       Regeneration      |       |       |       |       |     1 |    26 |    24 |     7 ||    58
       Spectral Weapon   |       |       |       |       |     1 |     1 |     1 |       ||     3
       Shroud of Golubri |       |       |       |       |       |     3 |     4 |     2 ||     9
       Confuse           |       |       |       |       |       |       |    32 |     1 ||    33
       Invisibility      |       |       |       |       |       |       |     1 |       ||     1
Invok: Shadow Step       |       |       |       |       |       |     1 |       |       ||     1
 Abil: Evoke Flight      |       |       |       |       |     1 |     9 |    15 |       ||    25
Evoke: Wand              |       |       |       |     2 |     1 |       |     4 |       ||     7
       Lamp of fire      |       |       |       |       |     1 |       |       |       ||     1
  Use: Scroll            |     3 |     4 |     9 |    15 |    14 |     7 |     6 |     7 ||    65
       Potion            |     2 |       |     1 |     2 |     2 |       |       |       ||     7
 Stab: Sleeping          |     6 |     7 |     9 |    21 |    65 |    53 |    86 |    18 ||   265
       Distracted        |       |       |     1 |     1 |     3 |    17 |    19 |     1 ||    42
       Invisible         |       |       |       |     2 |     3 |       |     5 |       ||    10
       Held in net/web   |       |       |       |     5 |       |       |       |       ||     5
       Confused          |       |       |       |       |       |       |     6 |       ||     6
  Eat: Chunk             |     1 |     7 |     7 |    30 |    37 |    20 |    38 |     7 ||   147
       Ration            |       |       |     2 |       |       |     5 |     1 |     2 ||    10
Armor: Leather armour    |     9 |    55 |    64 |       |       |       |       |       ||   128
       Robe              |     1 |       |       |       |       |       |       |       ||     1
       Skin              |       |       |     4 |    23 |       |       |       |       ||    27
       Steam dragon scal |       |       |    10 |   154 |    55 |       |       |       ||   219
       Ice dragon scales |       |       |       |       |   211 |   252 |       |       ||   463
       Fire dragon scale |       |       |       |       |       |    61 |   246 |    38 ||   345
Dodge: Dodged            |    16 |   134 |   179 |   492 |   615 |   538 |   419 |   110 ||  2503
Block: Buckler           |       |       |       |       |   184 |   185 |       |       ||   369
       Shield            |       |       |       |       |       |   169 |   799 |   155 ||  1123

Table legend:
 A = Non-vault XP
 B = Vault XP
 C = Vault XP percentage of total XP
 D = Non-vault monster count
 E = Vault monster count
 F = Vault count percentage of total count
                 A         B        C        D         E       F
            +---------+---------+-------+---------+---------+-------
      Total |  399194 |  292745 |  42.3 |    1123 |     548 |  32.8
            +---------+---------+-------+---------+---------+-------
        D:1 |      24 |       0 |   0.0 |      11 |       0 |   0.0
        D:2 |     130 |      26 |  16.7 |      23 |      14 |  37.8
        D:3 |     429 |     655 |  60.4 |      33 |       3 |   8.3
        D:4 |     548 |     342 |  38.4 |      31 |       5 |  13.9
        D:5 |     270 |       0 |   0.0 |      20 |       0 |   0.0
        D:6 |     870 |       0 |   0.0 |      21 |       0 |   0.0
        D:7 |    1811 |       0 |   0.0 |      24 |       0 |   0.0
        D:8 |    1321 |     667 |  33.6 |      20 |       2 |   9.1
        D:9 |    2259 |     830 |  26.9 |      23 |      32 |  58.2
       D:10 |    1680 |    1818 |  52.0 |      18 |       2 |  10.0
       D:11 |    4529 |       0 |   0.0 |      39 |       0 |   0.0
       D:12 |    4563 |    3108 |  40.5 |      21 |       1 |   4.5
       D:13 |    7058 |    2234 |  24.0 |      30 |       4 |  11.8
       D:14 |    7004 |       0 |   0.0 |      15 |       0 |   0.0
       D:15 |   12277 |    8834 |  41.8 |      42 |      13 |  23.6
     Lair:1 |    5458 |     884 |  13.9 |      20 |      14 |  41.2
     Lair:2 |    4109 |    1379 |  25.1 |      23 |       6 |  20.7
     Lair:3 |    4627 |    1645 |  26.2 |      17 |      14 |  45.2
     Lair:4 |    2527 |    1809 |  41.7 |      11 |       6 |  35.3
     Lair:5 |    3994 |     407 |   9.2 |      17 |       6 |  26.1
     Lair:6 |   10614 |   11782 |  52.6 |      37 |      30 |  44.8
   Shoals:1 |   14427 |       0 |   0.0 |      34 |       0 |   0.0
   Shoals:2 |   14672 |       0 |   0.0 |      32 |       0 |   0.0
   Shoals:3 |   16635 |     265 |   1.6 |      37 |       1 |   2.6
   Shoals:4 |   18435 |   24200 |  56.8 |      38 |      37 |  49.3
    Snake:1 |   17352 |    1305 |   7.0 |      34 |       4 |  10.5
    Snake:2 |   15870 |    4203 |  20.9 |      33 |       7 |  17.5
    Snake:3 |   16977 |   19131 |  53.0 |      31 |      23 |  42.6
    Snake:4 |   13004 |   52723 |  80.2 |      22 |      71 |  76.3
      Orc:1 |    2162 |    3448 |  61.5 |      19 |      14 |  42.4
      Orc:2 |    5495 |   10516 |  65.7 |      48 |      76 |  61.3
      Elf:1 |   20479 |    5942 |  22.5 |      34 |      10 |  22.7
      Elf:2 |   12464 |   21867 |  63.7 |      17 |      28 |  62.2
      Elf:3 |   11726 |   35354 |  75.1 |      17 |      25 |  59.5
   Vaults:1 |   25737 |    4584 |  15.1 |      31 |       6 |  16.2
   Vaults:2 |   31707 |   23208 |  42.3 |      73 |      34 |  31.8
   Vaults:3 |   30028 |    1941 |   6.1 |      44 |       8 |  15.4
   Vaults:4 |   23022 |   32749 |  58.7 |      43 |      42 |  49.4
   Depths:1 |   23339 |       0 |   0.0 |      24 |       0 |   0.0
   Depths:2 |    7964 |   14889 |  65.2 |      10 |      10 |  50.0
    Abyss:3 |    1597 |       0 |   0.0 |       6 |       0 |   0.0
            +---------+---------+-------+---------+---------+-------
